 Dungeon Crawl Stone Soup version 0.15.0-11-g6f4f891 (webtiles) character file.

182 MDvedh the Chopper (level 5, 0/42 HPs)
             Began as a Minotaur Death Knight on Aug 31, 2014.
             Was a Believer of Yredelemnul.
             Asphyxiated
             ... on Level 3 of the Dungeon.
             The game lasted 00:02:43 (2589 turns).

MDvedh the Chopper (Minotaur Death Knight)          Turns: 2589, Time: 00:02:43

HP   0/42        AC  3     Str 19      XL: 5   Next: 34%
MP   4/4         EV 11     Int  8      God: Yredelemnul [**....]
Gold 186         SH  0     Dex  9      Spells:  0 memorised,  4 levels left

rFire  . . .     SeeInvis .     a - +1 hand axe
rCold  . . .     Clarity  .     b - +0 leather armour
rNeg   . . .     rCorr    .     (no shield)
rPois  .         rRot     .     (helmet restricted)
rElec  .         Spirit   .     (no cloak)
SustAb .         Warding  .     (no gloves)
rMut   .         Stasis   .     (no boots)
Gourm  .                        (no amulet)
MR     .....                    (no ring)
                                (no ring)

@: lethally poisoned, short of breath, slowed, very slow, not resistant to
hostile enchantments, very unstealthy
A: retaliatory headbutt, horns 2
a: Animate Remains, Recall Undead Slaves, Injury Mirror, Renounce Religion


You were on level 3 of the Dungeon.
You worshipped Yredelemnul.
Yredelemnul was pleased with you.
You were not hungry.

You visited 1 branch of the dungeon, and saw 3 of its levels.

You collected 186 gold pieces.

Inventory:

Hand weapons
 a - a +1 hand axe (weapon)
Armour
 b - a +0 leather armour (worn)
Comestibles
 c - 4 bread rations
 f - 3 fruits
 l - 2 meat rations
Scrolls
 h - a scroll of random uselessness {unknown}
 j - a scroll of remove curse {unknown}
 k - a scroll of magic mapping {unknown}
 m - 4 scrolls of identify {unknown}
 o - 2 scrolls of teleportation {unknown}
 s - 3 scrolls of noise {unknown}
Jewellery
 p - an uncursed amulet of resist mutation {unknown}
Potions
 d - a potion of curing
 e - a potion of magic {unknown}
 g - a potion of haste {unknown}
 i - a potion of confusion {unknown}
 n - 2 potions of agility {unknown}
 q - a potion of brilliance {unknown}
 t - a potion of heal wounds {unknown}


   Skills:
 - Level 2.4 Fighting
 + Level 6.8 Axes
 - Level 1.2 Armour
 - Level 1.1 Dodging
 - Level 2.6 Invocations


You had 4 spell levels left.
You didn't know any spells.

Dungeon Overview and Level Annotations

Branches:
Dungeon (3/15)

Altars:
Dithmenos
Makhleb
Trog


Innate Abilities, Weirdness & Mutations

You reflexively headbutt those who attack you in melee.
You have a pair of horns on your head.


Message History

You have difficulty breathing.
* * * LOW HITPOINT WARNING * * *
You feel as though you will be slow longer.
You see here a curare-tipped needle.
Drink which item? (? for menu, Esc to quit)
You feel better.
It was a potion of curing.
The kobold shoots a curare-tipped needle.
The curare-tipped needle hits you.
You are lethally poisoned!
You have difficulty breathing.
* * * LOW HITPOINT WARNING * * *
You feel as though you will be slow longer.
Drink which item? (? for menu, Esc to quit)
You feel better.
The kobold shoots a curare-tipped needle.
The curare-tipped needle hits you.
You are poisoned.
You have difficulty breathing.
You die...
Your body rises from the dead as a mindless zombie.

...### #.#..###..# . #
#....###.#.## #).# # ##<..##..#.#
##.# #. ## ##........# #.###...
#. .....................(.. #.
........########.......## ##.
.###).#.#######........<.######..
. ##.#.....K..(.#.##...........#
#.###..#####@#.##.#.#........
#.###.[# #.#.##.#.#........
##.##...# #.#.##.#.#........
####...K..######...##.#.#..).....
#.............%..................
..#...###.######..###.#.#........
....#...#...####..# #.#.#........
#.#####..........## #.#.#........
#.# ##......##.# #.#.#........


You could see a kobold.

Vanquished Creatures
  2 orc priests (D:3)
  5 adders
  3 worms (D:2)
  3 giant geckos (D:2)
  8 orcs (D:3)
  5 bats
  2 giant cockroaches
  7 hobgoblins
  An ooze (D:3)
  A quokka (D:2)
  5 giant newts
  7 goblins
  3 kobolds
  4 rats
56 creatures vanquished.

Notes
Turn   | Place    | Note
--------------------------------------------------------------
     0 | D:1      | MDvedh, the Minotaur Death Knight, began the quest for the Orb.
     0 | D:1      | Reached XP level 1. HP: 18/18 MP: 1/1
   142 | D:1      | Reached skill level 3 in Axes
   321 | D:1      | Reached XP level 2. HP: 25/25 MP: 1/1
   534 | D:2      | Reached skill level 4 in Axes
   781 | D:2      | Reached XP level 3. HP: 30/30 MP: 3/3
  1085 | D:2      | Acquired Yredelemnul's second power
  1160 | D:2      | Reached skill level 5 in Axes
  1405 | D:2      | Reached XP level 4. HP: 24/37 MP: 3/3
  1957 | D:3      | Found a bloodstained altar of Trog.
  1986 | D:3      | Reached skill level 6 in Axes
  2044 | D:3      | Reached XP level 5. HP: 15/42 MP: 4/4
  2354 | D:3      | Found a burning altar of Makhleb.
  2354 | D:3      | Noticed a blizzard demon
  2372 | D:3      | Found a shadowy altar of Dithmenos.
  2587 | D:3      | HP: 2/42 [asphyx]
  2589 | D:3      | Asphyxiated

Action                   |  1- 3 |  4- 6 || total
-------------------------+-------+-------++-------
Melee: Hand axe          |    95 |    70 ||   165
  Use: Potion            |       |     2 ||     2
  Eat: Fruit             |     1 |       ||     1
       Chunk             |       |     5 ||     5
